 Dungeon Sprint DCSS version 0.24-a0-250-g6074511 (webtiles) character file.

Game seed: 2896964118515441135

5074 MikeHunt the Imperceptible (level 10, 0/46 HPs)
             Began as a Spriggan Assassin on Apr 14, 2019.
             Was an Initiate of Gozag.
             Killed from afar by a burning bush (4 damage)
             ... with a puff of flame
             ... in the Dungeon (Sprint IV: "Fedhas' Mad Dash").
             The game lasted 00:12:22 (2703 turns).

MikeHunt the Imperceptible (Spriggan Assassin)      Turns: 2703, Time: 00:12:23

Health: 0/46       AC:  5    Str:  7    XL:     10   Next: 31%
Magic:  18/18      EV: 35    Int: 14    God:    Gozag
Gold:   199        SH:  9    Dex: 25    Spells: 9/9 levels left

rFire    + . .     SeeInvis +   b - +0 blowgun
rCold    . . .     Gourm    .   l - +0 buckler
rNeg     . . .     Faith    .   i - +2 robe {rF+}
rPois    .         Spirit   .   (helmet restricted)
rElec    .         Reflect  .   d - +0 cloak
rCorr    .         Harm     .   (gloves unavailable)
MR       +....     NoTele   +   (boots unavailable)
Stlth    +++++++++.             n - amulet of invisibility {+Inv}
HPRegen  0.15/turn              (no ring)
MPRegen  0.16/turn              (no ring)

@: agile, berserk cooldown, very slightly contaminated, slowed, quick
A: very small, unfitting armour, see invisible, herbivore, speed 3, slow
metabolism 2
a: Potion Petition, Call Merchant, Bribe Branch, Renounce Religion, Evoke
Invisibility


You were in the Dungeon.
You worshipped Gozag.
Gozag was aware of your devotion.
You were not hungry.

You visited 1 branch You collected 2098 gold pieces.
You spent 1013 gold pieces at shops.
You paid 886 gold pieces to Gozag.

Inventory:

Hand Weapons
 a - a +0 dagger of venom
 b - a +0 blowgun (weapon)
 p - a +0 short sword
 r - a +2 dagger
 u - a +0 hunting sling
Missiles
 e - a poisoned needle (quivered)
 o - 36 stones
Armour
 c - a +0 robe
 d - a +0 cloak (worn)
 i - a +2 robe of fire resistance (worn)
 l - a +0 buckler (worn)
 q - a scarf of resistance
Magical Staves
 t - an uncursed staff of energy {!a}
Jewellery
 n - the amulet of invisibility (around neck) {+Inv}
   (You found it in the Dungeon)

   [amulet of nothing]

   It lets you turn invisible.
Potions
 j - a potion of haste
 k - 2 potions of magic
 s - a potion of resistance {unknown}
Comestibles
 g - 2 rations


   Skills:
 + Level 1.5 Fighting
 - Level 10.0 Short Blades
 - Level 2.0 Throwing
 - Level 10.4 Dodging
 - Level 24.8 Stealth
 + Level 7.0 Shields
 - Level 10.1 Evocations


You had 9 spell levels left.
You didn't know any spells.
Your spell library contained the following spells:

 Spells                   Type           Power        Failure   Level  Hunger
 Animate Skeleton         Necr           N/A          28%         1    ##.....
 Apportation              Tloc           #.....       28%         1    ##.....
 Confusing Touch          Hex            #.....       28%         1    ##.....
 Sandblast                Erth           #.....       28%         1    ##.....
 Summon Small Mammal      Summ           #...         28%         1    ##.....
 Passwall                 Tmut/Erth      #.......     41%         2    ###....
 Stone Arrow              Conj/Erth      #.....       65%         3    ####...
 Petrify                  Tmut/Erth      #.......     96%         4    #####..
 Lee's Rapid Deconstruct  Erth           #.........   100%        5    ######.


Dungeon Overview and Level Annotations

Branches:
Dungeon (1/1)

Altars:
Cheibriados
Dithmenos
Elyvilon
Gozag
Hepliaklqana
Kikubaaqudgha
Makhleb
Nemelex Xobeh
Okawaru
Qazlal
Ru
Sif Muna
Trog
Uskayaw
Vehumet
Wu Jian
Xom
Yredelemnul
Zin
The Shining One
Beogh
Jiyva
Lugonu

Shops:
D [!(%*[

Annotations:
D Agnes


Innate Abilities, Weirdness & Mutations

You are very small and have problems with some larger weapons.
You are too small for most types of armour.
You have supernaturally acute eyesight. (SInv)
You are a herbivore.
You cover ground extremely quickly.
You need to consume almost no food.


Message History

Unknown command.
You aren't carrying any scrolls.
Unknown command.
Okay, then.
Unknown command.
You block Agnes's attack.
Agnes says, "You dishonour your ancestors."
Agnes completely misses you.
You open the door. Agnes misses you. Agnes completely misses you.
You block Agnes's attack.
There is an open door here.
You see here a crystal ball of energy.
Agnes misses you. Agnes hits you with a +0 lajatang.
* * * LOW HITPOINT WARNING * * *
You block Agnes's attack. The burning bush throws fire at you.
The puff of flame hits you. You resist.
You die...
Your body crumbles into a pile of gold.

#<..P#.....#.....#.⌠._._._.
#PP..'.....'.#[).'.._._._._
#PPPP#...†.#.#...#..._._._.
###############'##.._._._._
#...♣........'...#._._._._.
#......♣.....#...##########
#.....♣..♣..######♣♣♣♣♣..♣)
##'####'######.}'......♣.)♣
#..#....'.@i....#♣.)♣♣♣.♣).
#..#.)###P......#.♣♣..♣...♣
####### ########## ########


You could see Agnes and a burning bush.

Vanquished Creatures
  A spriggan druid (D)
  6 oklob plants (D)
  A demonic crawler (D)
  2 burning bushes (D)
  3 wandering mushrooms (D)
  A queen bee (D)
  A hornet (D)
  2 scorpions (D)
  4 killer bees (D)
  5 oklob saplings (D)
  A worker ant (D)
  5 spriggans (D)
  A river rat (D)
  A rat (D)
  A ballistomycete (D)
  A ballistomycete spore (D)
36 creatures vanquished.

Notes
Turn   | Place    | Note
-------+----------+-------------------------------------------
     0 | D        | MikeHunt the Spriggan Assassin began the quest for the Orb.
     0 | D        | Reached XP level 1. HP: 10/10 MP: 2/2
     8 | D        | Reached skill level 7 in Stealth
     8 | D        | Reached XP level 2. HP: 14/14 MP: 3/3
    22 | D        | Noticed an oklob sapling
    23 | D        | Killed an oklob sapling
    23 | D        | Reached skill level 5 in Short Blades
    23 | D        | Reached skill level 9 in Stealth
    23 | D        | Reached XP level 3. HP: 17/18 MP: 4/4
    26 | D        | Found the amulet of invisibility {+Inv}
    27 | D        | Reached skill level 10 in Stealth
    41 | D        | Found an opulent altar of Gozag.
    41 | D        | Found a hazy altar of Hepliaklqana.
    41 | D        | Found a burning altar of Makhleb.
    41 | D        | Found a sparkling altar of Nemelex Xobeh.
    41 | D        | Found a sacrificial altar of Ru.
    41 | D        | Found a deep blue altar of Sif Muna.
    41 | D        | Found an ornate altar of the Wu Jian Council.
    41 | D        | Found a shimmering altar of Xom.
    41 | D        | Found a basalt altar of Yredelemnul.
    43 | D        | Found a viscous altar of Jiyva.
    43 | D        | Found a roughly hewn altar of Beogh.
    43 | D        | Found a snail-covered altar of Cheibriados.
    43 | D        | Found a bloodstained altar of Trog.
    43 | D        | Noticed an oklob sapling priest
    44 | D        | Found an iron altar of Okawaru.
    44 | D        | Found a shadowy altar of Dithmenos.
    44 | D        | Found a glowing silver altar of Zin.
    45 | D        | Found an ancient bone altar of Kikubaaqudgha.
    45 | D        | Found a hide-covered altar of Uskayaw.
    46 | D        | Found a stormy altar of Qazlal.
    46 | D        | Found a white marble altar of Elyvilon.
    46 | D        | Found a glowing golden altar of the Shining One.
    47 | D        | Became a worshipper of Gozag Ym Sagoz the Greedy
    48 | D        | Found a radiant altar of Vehumet.
    48 | D        | Found a corrupted altar of Lugonu.
    51 | D        | Killed an oklob sapling priest
    51 | D        | Reached skill level 11 in Stealth
    51 | D        | Reached XP level 4. HP: 22/22 MP: 2/7
   102 | D        | Reached XP level 5. HP: 25/25 MP: 7/9
   125 | D        | Reached skill level 5 in Evocations
   242 | D        | Noticed a queen bee
   247 | D        | Killed a queen bee
   247 | D        | Reached skill level 13 in Stealth
   247 | D        | Reached XP level 6. HP: 30/30 MP: 8/13
   248 | D        | Reached skill level 14 in Stealth
   250 | D        | Reached skill level 10 in Short Blades
   252 | D        | Reached skill level 10 in Evocations
   252 | D        | Reached XP level 7. HP: 33/33 MP: 8/15
   264 | D        | Noticed an oklob plant
   266 | D        | Killed an oklob plant
   266 | D        | Reached skill level 16 in Stealth
   288 | D        | Noticed a burning bush
   291 | D        | Killed a burning bush
   291 | D        | Reached skill level 17 in Stealth
   291 | D        | Reached XP level 8. HP: 37/37 MP: 12/16
   343 | D        | Reached skill level 10 in Dodging
   412 | D        | Found Fuas's Distillery.
   413 | D        | Found Sitt's Armour Emporium.
   415 | D        | Bought a scarf of resistance for 352 gold pieces
   426 | D        | Bought a potion of degeneration for 14 gold pieces
   441 | D        | Noticed a burning bush
   441 | D        | Noticed a wandering mushroom
   442 | D        | Noticed a wandering mushroom
   444 | D        | Killed a wandering mushroom
   444 | D        | Reached skill level 18 in Stealth
   446 | D        | Killed a burning bush
   447 | D        | Killed a wandering mushroom
   447 | D        | Reached skill level 19 in Stealth
   453 | D        | Found Baecregu's Food Emporium.
   453 | D        | Found Dankeipp's Antique Weapon Shoppe.
   458 | D        | Bought a glowing dagger for 110 gold pieces
   480 | D        | Bought a hunting sling for 33 gold pieces
   488 | D        | Bought a potion of heal wounds for 70 gold pieces
   722 | D        | Noticed a burning bush
   722 | D        | Noticed an oklob plant
   723 | D        | Noticed a wandering mushroom
  1724 | D        | Killed a wandering mushroom
  1724 | D        | Reached skill level 5 in Shields
  1724 | D        | Reached XP level 9. HP: 41/41 MP: 14/17
  1733 | D        | Killed an oklob plant
  1733 | D        | Reached skill level 20 in Stealth
  1973 | D        | Noticed a spriggan druid
  1974 | D        | Killed a spriggan druid
  1974 | D        | Reached skill level 21 in Stealth
  1987 | D        | Noticed an oklob plant conjurer
  1988 | D        | Killed an oklob plant conjurer
  2015 | D        | Noticed an oklob plant
  2015 | D        | Noticed an oklob plant summoner
  2172 | D        | Noticed an oklob plant shifter
  2181 | D        | Killed an oklob plant summoner
  2181 | D        | Reached skill level 22 in Stealth
  2184 | D        | Killed an oklob plant
  2184 | D        | Reached skill level 23 in Stealth
  2184 | D        | Reached XP level 10. HP: 46/46 MP: 16/18
  2189 | D        | Killed an oklob plant shifter
  2342 | D        | Noticed a spriggan rider
  2343 | D        | Found Bekkoth's Assorted Antiques.
  2371 | D        | Reached skill level 24 in Stealth
  2458 | D        | Found Nezadgh's Armour Shoppe.
  2481 | D        | Bought a +2 robe of fire resistance for 247 gold pieces
  2618 | D        | Noticed Agnes
  2652 | D        | HP: 3/69 [Agnes/+0 lajatang (7)]
  2662 | D        | Bought a scroll of blinking for 187 gold pieces
  2703 | D        | Killed from afar by a burning bush

Levels and vault maps discovered:
D:        dungeon_sprint_fedhas [sprint_temple]

Skill      XL: |  1  2  3  4  5  6  7  8  9 10 |
---------------+-------------------------------+-----
Short Blades   | 3 5 7 9 10 | 10.0
Stealth        | 7 9 11 13 14 17 19 23 24 | 24.8
Evocations     | 3 4 8 10 | 10.1
Dodging        | 9 10 | 10.4
Shields        | 5 7 |  7.0
Fighting       | |  1.5
Throwing       | |  2.0

Action                   |  1- 3 |  4- 6 |  7- 9 | 10-12 || total
-------------------------+-------+-------+-------+-------++-------
Melee: Dagger            |     9 |     8 |    59 |    55 ||   131
 Fire: Hunting sling     |       |       |    18 |       ||    18
       Blowgun           |       |       |       |    12 ||    12
Throw: Stone             |       |       |     1 |       ||     1
Invok: Potion Petition   |       |       |       |     3 ||     3
 Abil: Evoke Invisibilit |     1 |     1 |     5 |       ||     7
  Use: Potion            |       |       |     2 |     2 ||     4
       Scroll            |       |       |       |     2 ||     2
 Stab: Sleeping          |     3 |     4 |     8 |     1 ||    16
       Invisible         |     1 |     3 |     5 |     1 ||    10
       Distracted        |       |       |       |     1 ||     1
  Eat: Ration            |       |       |     1 |     1 ||     2
Armor: Robe              |     1 |       |       |       ||     1
Dodge: Dodged            |     2 |     4 |    15 |    26 ||    47
Block: Buckler           |       |       |       |     4 ||     4

Table legend:
 A = Non-vault XP
 B = Vault XP
 C = Vault XP percentage of total XP
 D = Non-vault monster count
 E = Vault monster count
 F = Vault count percentage of total count
                 A         B        C        D         E       F
            +---------+---------+-------+---------+---------+-------
      Total |     211 |    7038 |  97.1 |       1 |      33 |  97.1
            +---------+---------+-------+---------+---------+-------
          D |     211 |    7038 |  97.1 |       1 |      33 |  97.1
            +---------+---------+-------+---------+---------+-------
